 Dungeon Crawl Stone Soup version 0.28.0-53-g5a82cb258f (webtiles) character file.

Game seed: 10389070691549514347

742 bnorton916 the Magician (level 7, -6/36 HPs)
             Began as a Deep Elf Fire Elementalist on May 30, 2022.
             Mangled by a black bear (9 damage)
             ... on level 5 of the Dungeon.
             The game lasted 00:04:16 (5881 turns).

bnorton916 the Magician (DEFE)                      Turns: 5881, Time: 00:04:17

Health: -6/36      AC:  3    Str:  5    XL:     7   Next: 47%
Magic:  8/19       EV: 12    Int: 22    God:
Gold:   276        SH:  0    Dex: 15    Spells: 13/19 levels left

rFire   . . .      SeeInvis .   (no weapon)
rCold   . . .      Faith    .   (no shield)
rNeg    . . .      Spirit   .   a - +0 robe
rPois   .          Reflect  .   (no helmet)
rElec   .          Harm     .   (no cloak)
rCorr   .          Rampage  .   e - +0 pair of gloves
Will    +....                   (no boots)
Stlth   ++........              (no amulet)
HPRegen 0.12/turn               d - ring of willpower
MPRegen 0.16/turn               (no ring)

@: no status effects
A: no striking features
a: no special abilities


You were on level 5 of the Dungeon.
You visited 1 branch of the dungeon, and saw 5 of its levels.

You collected 276 gold pieces.

Inventory:

Hand Weapons
 j - a +1 mace of protection
Armour
 a - a +0 robe (worn)
 e - a +0 pair of gloves (worn)
Jewellery
 d - a ring of willpower (left hand)
 i - a +6 ring of intelligence
Wands
 m - a wand of iceblast (15)
Scrolls
 b - 2 scrolls of identify {unknown}
 c - 2 scrolls of immolation {unknown}
 h - a scroll of teleportation {unknown}
Potions
 f - a potion of lignification {unknown}
 g - 2 potions of degeneration {unknown}
 k - a potion of attraction {unknown}
 l - 4 potions of mutation {unknown}
 n - a potion of curing {unknown}


   Skills:
 - Level 2.4 Dodging
 - Level 2.4 Stealth
 + Level 6.9 Spellcasting
 + Level 5.2 Conjurations
 + Level 6.1 Fire Magic


You had 13 spell levels left.
You knew the following spells:

 Your Spells              Type           Power      Damage    Failure   Level
a - Foxfire               Conj/Fire      100%       2x1d9     1%          1
b - Scorch                Fire           68%        2d8       1%          2
c - Conjure Flame         Conj/Fire      32%        6-21      2%          3

Your spell library contained the following spells:

 Spells                   Type           Power      Damage    Failure   Level
 Inner Flame              Hex/Fire       21%        N/A       7%          3
 Flame Wave               Conj/Fire      32%        2d8       8%          4


Dungeon Overview and Level Annotations

Branches:
Dungeon (5/15)
 Temple: D:4-7

Altars:
Hepliaklqana
Qazlal
Trog
Vehumet
The Shining One
Beogh

Shops:
D:4 *


Message History

Casting: Scorch (safe; 1% risk of failure)
Confirm with . or Enter, or press ? or * to list all spells.
You conjure some foxfire!
The black bear completely misses you.
The black bear claws you but does no damage. x2
The black bear is no longer more vulnerable to fire.
The foxfire hits the black bear.
The black bear is severely wounded.
The foxfire hits the black bear but does no damage.
The black bear is severely wounded.
The black bear barely misses you. x2; The black bear closely misses you.
Casting: Foxfire (safe; 1% risk of failure)
Confirm with . or Enter, or press ? or * to list all spells.
You conjure some foxfire!
Something hits you.
Deactivating autopickup; reactivate with Ctrl-A.
The black bear bites you. The black bear closely misses you.
The black bear barely misses you.
The foxfire hits something!
The foxfire hits something.
Something hits you. The black bear barely misses you.
The black bear claws you but does no damage.
The black bear closely misses you.
Unknown command.
Casting: Foxfire (safe; 1% risk of failure)
Confirm with . or Enter, or press ? or * to list all spells.
You conjure some foxfire!
Something hits you. The black bear bites you! The black bear claws you. x2
The foxfire hits something but does no damage.
The foxfire hits something.
Reactivating autopickup.
You feel a bit more experienced. The black bear bites you!
* * * LOW HITPOINT WARNING * * *
The black bear barely misses you. The black bear claws you.
* * * LOW HITPOINT WARNING * * *
Casting: Foxfire (safe; 1% risk of failure)
Confirm with . or Enter, or press ? or * to list all spells.
Flames lash the black bear.
The black bear is almost dead.
The black bear's fire resistance burns away.
The black bear goes berserk!
The black bear bites you!
You die...

...#.....#
#........#
#...)..?
#...)...
#.....#
#....)#
#.....#
#..)h.#
#...@##
#.....##
###....#
#....##
##....##
#.....##
#......##
##......##
.#
#.......##.#


You could see a black bear (berserk, combustible).

Vanquished Creatures
  Sigmund (D:4)
  2 ogres
  A scorpion (D:4)
  A centaur zombie (D:4)
  A hound (D:4)
  2 orc priests
  Terence (D:2)
  2 orc wizards (D:5)
  A hound skeleton (D:4)
  6 adders
  An ufetubus (D:5)
  An adder skeleton (D:4)
  A worm (D:2)
  3 dart slugs
  7 orcs
  7 ball pythons
  8 endoplasms
  4 giant cockroaches
  5 goblins
  9 hobgoblins
  6 jackals
  4 quokkas
  4 bats
  3 frilled lizards
  6 kobolds
  4 rats
91 creatures vanquished.

Vanquished Creatures (others)
  453 foxfires
  3 fungi (D:2)
  2 plants (D:2)
458 creatures vanquished.

Grand Total: 549 creatures vanquished

Notes
Turn   | Place    | Note
-------+----------+-------------------------------------------
     0 | D:1      | bnorton916 the Deep Elf Fire Elementalist began the quest
                  | for the Orb.
     0 | D:1      | Reached XP level 1. HP: 10/10 MP: 6/6
   752 | D:1      | Reached XP level 2. HP: 15/15 MP: 5/8
  1172 | D:1      | Reached XP level 3. HP: 19/19 MP: 5/10
  1935 | D:2      | Reached XP level 4. HP: 24/24 MP: 6/12
  2020 | D:2      | Noticed Terence
  2085 | D:2      | Learned a level 2 spell: Scorch
  2089 | D:2      | Learned a level 3 spell: Conjure Flame
  2115 | D:2      | Killed Terence
  2497 | D:2      | Noticed an ogre
  2509 | D:2      | Killed an ogre
  2510 | D:2      | Reached XP level 5. HP: 28/28 MP: 5/14
  2801 | D:2      | Reached skill level 5 in Spellcasting
  2868 | D:2      | Found a faded altar of an unknown god.
  3618 | D:3      | Found a glowing golden altar of the Shining One.
  3828 | D:3      | Reached skill level 5 in Fire Magic
  4379 | D:3      | Found a stormy altar of Qazlal.
  4507 | D:4      | Reached XP level 6. HP: 32/32 MP: 12/16
  4631 | D:4      | Noticed Sigmund
  4640 | D:4      | Killed Sigmund
  4772 | D:4      | Reached XP level 7. HP: 30/36 MP: 12/18
  4852 | D:4      | Found Saal's Superlative Supplies.
  4870 | D:4      | Found a bloodstained altar of Trog.
  5136 | D:4      | Found a hazy altar of Hepliaklqana.
  5252 | D:4      | Reached skill level 5 in Conjurations
  5396 | D:4      | Found a radiant altar of Vehumet.
  5451 | D:5      | Entered Level 5 of the Dungeon
  5881 | D:5      | Mangled by a black bear

Illustrated notes

Levels and vault maps discovered:
D:1:      sevenhm_arrival_forest_fort_small_3, layout_rooms
D:2:      layout_loops_ring, dreamdust_ecumenical_altar_grove, uniq_terence
D:3:      layout_loops_ring, nicolae_tso_swordbearing_angel,
          mainiacjoe_overflow_brackets, nrook_loot_triangle,
          kennysheep_orc_chapel
D:4:      layout_cave_pools, nicolae_overflow_crystal_walls,
          mainiacjoe_overflow_alcove_1, mainiacjoe_overflow_24_doors,
          nicolae_alphabet_shops, uniq_sigmund
D:5:      layout_cave_pods, kennysheep_small_square, uniq_menkaure

Skill      XL: |  1  2  3  4  5  6  7 |
---------------+----------------------+-----
Conjurations   | 2 3 4 5 |  5.2
Spellcasting   | 4 5 6 |  6.9
Fire Magic     | 4 5 6 |  6.1
Dodging        | |  2.4
Stealth        | |  2.4

Action                   |  1- 3 |  4- 6 |  7- 9 || total
-------------------------+-------+-------+-------++-------
Melee: Unarmed           |     3 |       |       ||     3
 Cast: Foxfire           |   109 |   112 |    45 ||   266
       Scorch            |       |     5 |     5 ||    10
       Conjure Flame     |       |     2 |       ||     2
Armor: Robe              |     2 |     5 |     9 ||    16
Dodge: Dodged            |    14 |    17 |    19 ||    50
